[Event "Late-Titled-Tuesday-Blitz-June-25-2024"]
[Site "Chess.com"]
[Date "2024.06.25"]
[Round "8"]
[White "maracayo"]
[Black "maurovargas01"]
[Result "1-0"]
[WhiteElo "2390"]
[BlackElo "1966"]
[TimeControl "180+1"]
[EndTime "15:26:02 PDT"]
[Termination "maracayo won on time"]

1. e4 d5 2. d3 c6 3. Nf3 g6 4.
Nbd2 Bg7 5. Be2 Nd7 6. O-O dxe4 7. dxe4 b6 8. Re1 Bb7 9. Bf1 e5 10. Nc4 Kf8 11. Nd6 Qc7 12. Ng5 Nh6 13. Ndxf7 Nxf7 14. Ne6+ Ke7 15. Nxc7 Rad8 16. Qg4 Nc5 17. Be3 Bc8 18. Bxc5+ bxc5 19. Qg3 Rd7 20. Na6 Rf8 21. Nxc5 Rd2 22. Qc3 Bh6 23. Nb3 Rxf2 24. Kxf2 Nd6+ 25. Kg1 Bg4 26. Qxe5+ Be6 27. Nc5 1-0

[Event "Late-Titled-Tuesday-Blitz-June-25-2024"]
[Site "Chess.com"]
[Date "2024.06.25"]
[Round "8"]
[White "Seppppppy"]
[Black "sammartin99"]
[Result "1-0"]
[WhiteElo "2407"]
[BlackElo "2491"]
[TimeControl "180+1"]
[EndTime "15:26:03 PDT"]
[Termination "Seppppppy won on time"]

1. d4 Nf6 2. c4 g6 3. Nc3 d5 4. cxd5 Nxd5 5. e4 Nxc3 6. bxc3 Bg7 7. Nf3 c5 8. Rb1 O-O 9. Be2 cxd4 10. cxd4 Qa5+ 11.
Bd2 Qxa2 12. O-O Qe6 13. Qc2 Rd8 14. Bc4 Qc6 15. d5 Qc7 16. Qb3 Na6 17. Bxa6 bxa6 18. Qa3 Qd7 19. Ba5 Re8 20. Rfc1 Qg4 21. Qe3 Bd7 22.
Rc7 Bb5 23. h3 Qh5 24. Qc5 Bf6 25. Re1 g5 26. e5 Bg7 27. e6 fxe6 28. dxe6 Bf6 29.
Bc3 Bxc3 30. Qxc3 Qg6 31. Re5 h6 32. Re1 Kh7 33. Qc5 Qf6 34. Ne5 Rf8 35. Nd7 1-0

[Event "Late-Titled-Tuesday-Blitz-June-25-2024"]
[Site "Chess.com"]
[Date "2024.06.25"]
[Round "8"]
[White "Jahonas"]
[Black "SebbyMeister"]
[Result "0-1"]
[WhiteElo "2422"]
[BlackElo "2272"]
[TimeControl "180+1"]
[EndTime "15:26:03 PDT"]
[Termination "SebbyMeister won by resignation"]

1. d4 d5 2. c4 c6 3. Nf3 Nf6 4.
Nc3 e6 5. Bg5 h6 6. Bxf6 Qxf6 7.
e3 Nd7 8. Be2 g6 9. O-O dxc4 10.
Bxc4 Bg7 11. e4 O-O 12. a4 c5 13. d5 Ne5 14. Nxe5 Qxe5 15. Qb3 exd5 16. Bxd5 Rb8 17. Rad1 b6 18. f4 Qe7 19. Kh1 Bg4 20. Rde1 h5 21.
e5 h4 22. h3 Bf5 23. Ne4 Bxe4 24. Rxe4 Rbd8 25. f5 Qd7 26. Bxf7+ Qxf7 27. e6 Qe7 28. f6 Rxf6 29. Rxf6 Bxf6 30. Rf4 Rd4 31. Rxd4 Bxd4 32. Qd5 Kg7 33. g4 hxg3 34. Kg2 Kf6 0-1

[Event "Late-Titled-Tuesday-Blitz-June-25-2024"]
[Site "Chess.com"]
[Date "2024.06.25"]
[Round "8"]
[White "PoAslan"]
[Black "pooh2012"]
[Result "1-0"]
[WhiteElo "2461"]
[BlackElo "2586"]
[TimeControl "180+1"]
[EndTime "15:26:04 PDT"]
[Termination "PoAslan won by resignation"]

1. e4 c6 2. d4 d5 3. exd5 cxd5 4.
c4 Nf6 5. Nc3 g6 6. cxd5 Bg7 7.
Bc4 O-O 8. Nge2 a6 9. a4 Nbd7 10. a5 Ne8 11. Bf4 b5 12. axb6 Nxb6 13. Qb3 Nd6 14. Bd3 Bf5 15. Bxa6 Bc8 16. Bxd6 Qxd6 17. Qb5 Nd7 18. Ne4 Qb8 19. Qd3 Qb4+ 20. N2c3 Qxd4 21.
Rd1 Bxa6 22. Qxd4 Bxd4 23. Rxd4 Rfb8 24. b4 Bb5 25. Kd2 Nf8 26. Rb1 Bd7 27. b5 Rb6 28.
Nc5 Be8 29. N3a4 Rxb5 30. Rxb5 Bxb5 31. Nc3 Be8 32. Re4 Ra7 33. h4 f5 34. Re5 Bf7 35.
Nb5 Ra5 36. d6 Rxb5 37. dxe7 Kg7 38. exf8=Q+ Kxf8 39. Nd7+ 1-0

[Event "Late-Titled-Tuesday-Blitz-June-25-2024"]
[Site "Chess.com"]
[Date "2024.06.25"]
[Round "8"]
[White "Duhless"]
[Black "AlexOstrovskiy"]
[Result "1-0"]
[WhiteElo "3089"]
[BlackElo "2716"]
[TimeControl "180+1"]
[EndTime "15:26:06 PDT"]
[Termination "Duhless won by resignation"]

1. e4 c6 2. Nc3 d5 3. e5 c5 4. d4 Nc6 5. dxc5 e6 6. Nf3 Bxc5 7. Bd3 f6 8. Qe2 fxe5 9. Nxe5 Nxe5 10. Qxe5 Nf6 11. Be3 Bd6 12. Bb5+ Kf7 13. Qg5 a6 14. Be2 Rf8 15. O-O-O Kg8 16. Bd3 Bd7 17. Rhe1 Rc8 18. Bd4 Qc7 19. Kb1 b5 20. Qh4 h6 21. g4 e5 22. g5 hxg5 23. Qxg5 exd4 24. Nxd5 Qd8 25.
Rg1 Rf7 26. Bg6 Bf8 27. Bxf7+ Kxf7 28. Qg6+ Ke6 29. Rxd4 Rc5 30. Re1+ 1-0

[Event "Late-Titled-Tuesday-Blitz-June-25-2024"]
[Site "Chess.com"]
[Date "2024.06.25"]
[Round "8"]
[White "Raja3401"]
[Black "ansko1999"]
[Result "1-0"]
[WhiteElo "2787"]
[BlackElo "2599"]
[TimeControl "180+1"]
[EndTime "15:26:06 PDT"]
[Termination "Raja3401 won by checkmate"]

1. e4 c5 2. Nf3 Nf6 3. e5 Nd5 4. Nc3 e6 5. Ne4 Nc6 6. c4 f5 7. Nc3 Nxc3 8. bxc3 d6 9. exd6 Bxd6 10. d4 e5 11. dxe5 Nxe5 12. Be2 Be6 13. O-O O-O 14. Ng5 Qe7 15. f4 Nxc4 16. Re1 Nb6 17. Bf3 Rf6 18. a4 a5 19. Rb1 Bc7 20. Rxb6 Bxb6 21.
Nxe6 c4+ 22. Nd4 Bxd4+ 23. cxd4 Qd6 24. d5 Rc8 25. Be3 c3 26. Qc2 Qb4 27. h3 Rd6 28. Rb1 Qc4 29. Rxb7 h6 30. Qxf5 Rf8 31. Qe5 c2 32.
Qxg7# 1-0

[Event "Late-Titled-Tuesday-Blitz-June-25-2024"]
[Site "Chess.com"]
[Date "2024.06.25"]
[Round "8"]
[White "JackRodgers"]
[Black "Denmark2015"]
[Result "0-1"]
[WhiteElo "2515"]
[BlackElo "2625"]
[TimeControl "180+1"]
[EndTime "15:26:10 PDT"]
[Termination "Denmark2015 won by resignation"]

1. d4 e6 2. c4 f5 3. g3 Nf6 4.
Bg2 Be7 5. Nh3 d6 6. O-O c6 7. d5 cxd5 8. cxd5 e5 9. f4 e4 10. Be3 Ng4 11. Bd4 Bf6 12. Nc3 O-O 13. Nf2 h5 14. Nxg4 hxg4 15. Kf2 Nd7 16. Rh1 Bxd4+ 17. Qxd4 Qb6 18. Qxb6 Nxb6 19. Rac1 Bd7 20. h4 Rfc8 21. Rhd1 Rc5 22. Rd4 Rac8 23. Rcd1 Nc4 24. b3 Nb6 25.
Nb1 Be8 26. b4 Rc2 27. R1d2 Bf7 28. Bf1 Rxd2 29. Rxd2 e3+ 30. Kxe3 Nc4+ 31. Kd3 Nxd2 32. Kxd2 Bxd5 33. Nc3 Bc4 34. Bg2 d5 35. e3 b6 36. a4 Kf7 37. a5 bxa5 38. bxa5 Ke6 39. Kc2 Rc5 40. Kd2 Rxa5 41. Kc2 Ra1 42. e4 0-1

[Event "Late-Titled-Tuesday-Blitz-June-25-2024"]
[Site "Chess.com"]
[Date "2024.06.25"]
[Round "8"]
[White "LiemLe"]
[Black "Jarming"]
[Result "1-0"]
[WhiteElo "3016"]
[BlackElo "2715"]
[TimeControl "180+1"]
[EndTime "15:26:11 PDT"]
[Termination "LiemLe won by resignation"]

1. c4 c5 2. Nc3 Nc6 3. g3 g6 4. Bg2 Bg7 5. d3 e6 6. Bxc6 bxc6 7. Qd2 h5 8. h3 d6 9. b3 f5 10. Bb2 Nf6 11. O-O-O h4 12. Kb1 hxg3 13. fxg3 Nh5 14. g4 Ng3 15. Rh2 fxg4 16. Rg2 gxh3 17. Rxg3 h2 18.
Nh3 Qh4 19. Ne4 d5 20. Bxg7 dxe4 21. Qe3 Rh7 22. Be5 Rh5 23. d4 Ba6 24. Rh1 O-O-O 25. Bf4 cxd4 26. Qxe4 Bb7 27. Qxe6+ Rd7 28. Rxh2 d3 29.
Rxd3 Qe1+ 30. Kc2 Rd5 31. cxd5 cxd5 32. Qe8+ Rd8 33. Qe6+ Rd7 34. Rc3+ 1-0

[Event "Late-Titled-Tuesday-Blitz-June-25-2024"]
[Site "Chess.com"]
[Date "2024.06.25"]
[Round "8"]
[White "harshu27"]
[Black "Beaterawn"]
[Result "0-1"]
[WhiteElo "2513"]
[BlackElo "2414"]
[TimeControl "180+1"]
[EndTime "15:26:12 PDT"]
[Termination "Beaterawn won by resignation"]

1. d4 f5 2. c4 Nf6 3. Nc3 g6 4. g3 Bg7 5. Bg2 O-O 6. Nf3 d6 7. O-O c6 8. Re1 Ne4 9. Nd2 d5 10. cxd5 cxd5 11. e3 Nc6 12. Bf1 e6 13. a3 h5 14. f3 Nd6 15. Kh1 h4 16. b4 hxg3 17. hxg3 Qg5 18. Kg2 Kf7 19. Nb3 Rh8 20. Bd3 b6 21.
Bd2 Bd7 22. e4 Qh5 23. Rh1 Qxh1+ 24. Qxh1 Rxh1 25. Rxh1 dxe4 26. fxe4 Nxd4 27. Nxd4 Bxd4 28. e5 Bxe5 29. Rh7+ Bg7 30. Bf4 Ne8 31. Rh1 Bc6+ 32. Kf2 Bxh1 0-1

[Event "Late-Titled-Tuesday-Blitz-June-25-2024"]
[Site "Chess.com"]
[Date "2024.06.25"]
[Round "8"]
[White "AlexeiShirov"]
[Black "Mikhail_Golubev"]
[Result "0-1"]
[WhiteElo "2859"]
[BlackElo "2671"]
[TimeControl "180+1"]
[EndTime "15:26:13 PDT"]
[Termination "Mikhail_Golubev won by resignation"]

1. e4 c5 2. Nf3 d6 3. d4 Nf6 4.
Nc3 cxd4 5. Nxd4 g6 6. Be3 Bg7 7. f3 Nc6 8. Qd2 O-O 9. O-O-O d5 10. exd5 Nxd5 11. Nxc6 bxc6 12. Bd4 e5 13. Bc5 Be6 14. Ne4 Re8 15. h4 h5 16. Bc4 Nf4 17. Qc3 Bd5 18. g3 Ne6 19. Be3 Nd4 20. Ng5 Nf5 21. Bf2 e4 22. Qa3 e3 23. Be1 Rb8 24. c3 Bf8 25. Qa4 Qb6 26. Bb3 Bxb3 27. Qxb3 Qxb3 28. axb3 Rxb3 29. Rd7 Reb8 30. Rh2 Ba3 31. bxa3 Rb1+ 32.
Kc2 R8b2+ 33. Kd3 Rxh2 0-1

[Event "Late-Titled-Tuesday-Blitz-June-25-2024"]
[Site "Chess.com"]
[Date "2024.06.25"]
[Round "8"]
[White "WPWPWP-2015"]
[Black "GoltsevDmitry2000"]
[Result "0-1"]
[WhiteElo "2546"]
[BlackElo "2697"]
[TimeControl "180+1"]
[EndTime "15:26:13 PDT"]
[Termination "GoltsevDmitry2000 won on time"]

1. e4 e6 2. d4 d5 3. Nc3 c5 4. Nf3 Nf6 5. exd5 exd5 6. Bb5+ Nc6 7. O-O Be7 8. h3 O-O 9. Re1 a6 10. Bd3 cxd4 11. Ne2 Bc5 12. a3 Ne4 13. Nf4 Bf5 14. Qe2 Re8 15. Qd1 Qd6 16. b4 Ba7 17. Ne2 Qf6 18. Bb2 Bxh3 19. Bxe4 dxe4 20. Nfxd4 Rad8 21. gxh3 Nxd4 22. Nxd4 Rxd4 23. Qg4 h5 24. Qg2 Re5 0-1

[Event "Late-Titled-Tuesday-Blitz-June-25-2024"]
[Site "Chess.com"]
[Date "2024.06.25"]
[Round "8"]
[White "VirtualCoach"]
[Black "AlexanderMatlak"]
[Result "1-0"]
[WhiteElo "2363"]
[BlackElo "2452"]
[TimeControl "180+1"]
[EndTime "15:26:15 PDT"]
[Termination "VirtualCoach won on time"]

1. e4 c5 2. Nf3 d6 3. d4 cxd4 4. Nxd4 Nf6 5. Nc3 a6 6. f3 e6 7. Be3 b5 8. a3 Nbd7 9. Qd2 Bb7 10. O-O-O Rc8 11. g4 Nb6 12. Nb3 Nfd7 13. Na5 Ba8 14. h4 Be7 15. h5 d5 16. exd5 Nxd5 17.
Nxd5 Bxd5 18. Be2 O-O 19. Kb1 Ne5 20. Rhf1 Qc7 21. f4 Nc4 22. Nxc4 bxc4 23. Bd4 Rfd8 24. Qc3 Bf8 25. h6 Bg2 26. Rg1 Rxd4 27. Rxd4 Bd5 28.
g5 Qb6 29. Rgd1 Rb8 30. Bxc4 Rc8 31. Qd3 Bxc4 32. Rxc4 Rb8 33. Qc3 a5 34. Rh1 1-0

[Event "Late-Titled-Tuesday-Blitz-June-25-2024"]
[Site "Chess.com"]
[Date "2024.06.25"]
[Round "8"]
[White "cthulhuuu"]
[Black "chessdoll90"]
[Result "1-0"]
[WhiteElo "2396"]
[BlackElo "2488"]
[TimeControl "180+1"]
[EndTime "15:26:16 PDT"]
[Termination "cthulhuuu won by checkmate"]

1. e4 c5 2. Nf3 Nc6 3. d3 g6 4. g3 Bg7 5. Bg2 d6 6. O-O e5 7. Nc3 Nge7 8. Nd2 O-O 9. Nc4 Be6 10.
Nd5 f5 11. a4 Qd7 12. c3 h6 13.
a5 g5 14. Qa4 f4 15. f3 fxg3 16. hxg3 Ng6 17. Nce3 Rf7 18. a6 b6 19. Nf5 Rb8 20.
c4 b5 21. cxb5 Nd8 22. Bh3 Qxb5 23. Qxb5 Rxb5 24. Nxd6 Bxh3 25. Nxb5 Bxf1 26. Kxf1 Rxf3+ 27. Ke2 Rxg3 28. Nxa7 h5 29. Nb5 Nc6 30. a7 Nxa7 31.
Rxa7 h4 32. Kf2 Rxd3 33. Nd6 h3 34. Nf5 Bf8 35. Bxg5 Rd1 36. Nf6+ Kh8 37. Rh7# 1-0

[Event "Late-Titled-Tuesday-Blitz-June-25-2024"]
[Site "Chess.com"]
[Date "2024.06.25"]
[Round "8"]
[White "rockstar0902"]
[Black "XDPS"]
[Result "0-1"]
[WhiteElo "2627"]
[BlackElo "2832"]
[TimeControl "180+1"]
[EndTime "15:26:21 PDT"]
[Termination "XDPS won on time"]

1. c4 g6 2. Nc3 Bg7 3. d4 d6 4. e4 Nf6 5. f3 O-O 6. Be3 c5 7. d5 e6 8. Qd2 exd5 9. cxd5 a6 10. a4 Re8 11. Be2 Nbd7 12. Nh3 h5 13. Nf2 h4 14. Bg5 Ne5 15. Qf4 h3 16. gxh3 Nh5 17.
Qh4 Qb6 18. Ra2 f6 19. Bd2 c4 20. f4 Nd3+ 21. Nxd3 cxd3 22. Bxh5 gxh5 23. Qxh5 Bd7 24.
Qg6 Re7 25. h4 Be8 26. Qg4 f5 27. Qg5 Kf8 28. Qxf5+ Bf7 29. h5 Rae8 30. e5 dxe5 31.
d6 Qxd6 32. O-O e4 33. h6 Qxh6 34. Nd5 Re6 35. Bb4+ Kg8 36. Kh1 Rg6 37. Ne7+ Rxe7 38. Bxe7 Bxa2 39. Qxe4 Qh3 0-1

[Event "Late-Titled-Tuesday-Blitz-June-25-2024"]
[Site "Chess.com"]
[Date "2024.06.25"]
[Round "8"]
[White "Flaccidmoves"]
[Black "Veleamater"]
[Result "1-0"]
[WhiteElo "2525"]
[BlackElo "2397"]
[TimeControl "180+1"]
[EndTime "15:26:22 PDT"]
[Termination "Flaccidmoves won on time"]

1. c4 d6 2. g3 g6 3. Bg2 Bg7 4. Nf3 Nf6 5. O-O O-O 6. Nc3 Nc6 7. Rb1 h6 8. b4 e5 9. b5 Nd4 10. Nxd4 exd4 11. Nd5 Nd7 12. a4 Nc5 13. d3 Re8 14. a5 Bg4 15. Re1 Qd7 16. a6 bxa6 17. bxa6 Rab8 18.
Rxb8 Rxb8 19. Ba3 Na4 20. h3 Be6 21. Nf4 Nc3 22. Qc2 c5 23. Nxe6 fxe6 24. e3 e5 25.
exd4 exd4 26. Bc1 Re8 27. Rxe8+ Qxe8 28. Bf4 Ne2+ 29. Kh1 Nxf4 30. gxf4 Qe1+ 31. Kh2 Kh7 32. Be4 h5 33. f5 Be5+ 34. Kg2 gxf5 35. Bxf5+ Kh6 36.
Qb2 Kg5 37. Be4 Bf6 38. Qb8 1-0

[Event "Late-Titled-Tuesday-Blitz-June-25-2024"]
[Site "Chess.com"]
[Date "2024.06.25"]
[Round "8"]
[White "Njal28"]
[Black "DenLaz"]
[Result "1/2-1/2"]
[WhiteElo "3117"]
[BlackElo "3140"]
[TimeControl "180+1"]
[EndTime "15:26:24 PDT"]
[Termination "Game drawn by repetition"]

1. e4 e5 2. Nf3 Nc6 3. Nc3 Nf6 4. Bb5 Nd4 5. Nxd4 exd4 6. e5 dxc3 7. exf6 Qxf6 8.
dxc3 Bc5 9. Qe2+ Qe6 10. a4 O-O 11. Qxe6 fxe6 12. f3 a6 13. Bd3 d6 14. a5 Bd7 15. Ke2 Bc6 16. b4 Ba7 17. Be3 Bxe3 18. Kxe3 h6 19. c4 Kf7 20. Rhb1 Ke7 21. b5 Bd7 22.
Be4 Rab8 23. Rb2 d5 24. bxa6 dxe4 25. axb7 exf3 26. gxf3 Bc6 27. a6 Rxf3+ 28. Ke2 Rff8 29. c5 e5 30. Rab1 Kd7 31. Rd1+ Ke6 32. Rdb1 Kd7 33. Rd1+ Ke6 34. Rdb1 Kd7 1/2-1/2

[Event "Late-Titled-Tuesday-Blitz-June-25-2024"]
[Site "Chess.com"]
[Date "2024.06.25"]
[Round "8"]
[White "Connectedcloud"]
[Black "Patricius007"]
[Result "1-0"]
[WhiteElo "2359"]
[BlackElo "2571"]
[TimeControl "180+1"]
[EndTime "15:26:24 PDT"]
[Termination "Connectedcloud won by resignation"]

1. Nf3 d5 2. e3 c5 3. b3 Nc6 4.
Bb2 Nf6 5. Bb5 e6 6. O-O Be7 7. Bxc6+ bxc6 8. Ne5 Qc7 9. d3 a6 10. f4 a5 11. a4 Ba6 12. Nd2 Rb8 13. Rf3 h5 14. Rg3 g6 15. Ndf3 Rf8 16. Ng5 Nd7 17.
Nxd7 Qxd7 18. Nh7 Rg8 19. Qxh5 Kd8 20. Qe5 Bd6 21. Qg5+ Be7 22. Nf6 Bxf6 23. Qxf6+ Kc8 24. Qc3 c4 25. Qxa5 Qb7 26. Be5 Ra8 27. dxc4 Bxc4 28.
Qc5 Be2 29. Kf2 Bh5 30. b4 Kd8 31. c4 Rc8 32. a5 dxc4 33. a6 Qd7 34. Bd4 f6 35.
Bxf6+ Ke8 36. Bd4 Kf7 37. a7 Ra8 38. Qxc4 Qd5 39. Qxd5 exd5 40. Ra6 Rgc8 41. Rg5 Bd1 42.
Re5 Bc2 43. Bc5 Bd3 44. Re7+ Kf6 45. Ra5 Bc4 46. Rb7 Kf5 47. Bd6 Ke4 48. Rb8 d4 49. exd4 Bd5 50. Rxc8 Rxc8 51. a8=Q Rxa8 52. Rxa8 1-0

[Event "Late-Titled-Tuesday-Blitz-June-25-2024"]
[Site "Chess.com"]
[Date "2024.06.25"]
[Round "8"]
[White "NikitaShnadrygin"]
[Black "VD_coach"]
[Result "1-0"]
[WhiteElo "2753"]
[BlackElo "2573"]
[TimeControl "180+1"]
[EndTime "15:26:28 PDT"]
[Termination "NikitaShnadrygin won by resignation"]

1. e4 c5 2. Nf3 d6 3. d4 cxd4 4. Nxd4 Nf6 5. Nc3 g6 6. f3 Bg7 7. Be3 Nc6 8. Qd2 O-O 9. g4 Be6 10.
O-O-O Nxd4 11. Bxd4 Qa5 12. Kb1 Rfc8 13. a3 Rab8 14.
Ne2 Qxd2 15. Rxd2 b6 16. Nc3 Bc4 17. Bxc4 Rxc4 18. Rhd1 Rbc8 19. Nb5 a6 20. b3 axb5 21. bxc4 bxc4 22. Ka2 Nd7 23. Bxg7 Kxg7 24. Rb1 Kf6 25. Rd5 h6 26. f4 Ke6 27. Rdb5 f6 28. h4 Rg8 29.
R1b4 Rc8 30. Ra4 Nc5 31. Rxc4 Rb8 32. Rcb4 Nd7 33. Rc4 Rb7 34. Kb3 Nc5+ 35. Kc3 d5 36. exd5+ Kxd5 37. Rcxc5+ 1-0

[Event "Late-Titled-Tuesday-Blitz-June-25-2024"]
[Site "Chess.com"]
[Date "2024.06.25"]
[Round "8"]
[White "dosto07"]
[Black "Sacbutt"]
[Result "0-1"]
[WhiteElo "2427"]
[BlackElo "2274"]
[TimeControl "180+1"]
[EndTime "15:26:30 PDT"]
[Termination "Sacbutt won by checkmate"]

1. e4 e5 2. Nf3 Nc6 3. Bb5 a6 4.
Ba4 Nf6 5. O-O b5 6. Bb3 Be7 7. Re1 O-O 8. a4 Bb7 9. d3 d6 10. Nc3 b4 11. Nd5 h6 12. h3 Nxd5 13. Bxd5 Rb8 14.
Be3 Qd7 15. Nh2 Nd8 16. Bb3 c5 17. Qh5 Ne6 18. Ng4 Nf4 19. Bxf4 exf4 20. Nxh6+ gxh6 21. Qg6+ Kh8 22. Qxh6+ Kg8 23. Qg6+ Kh8 24. Bxf7 Bg5 25. Qh5+ Kg7 26. Qg6+ Kh8 27. Be6 Qg7 28. Qh5+ Qh6 29. Qg4 Bc8 30. Bxc8 Rbxc8 31. e5 d5 32. e6 Rg8 33.
Re5 Qg7 34. Rxd5 Bh6 35. Qh4 Qxg2# 0-1

[Event "Late-Titled-Tuesday-Blitz-June-25-2024"]
[Site "Chess.com"]
[Date "2024.06.25"]
[Round "8"]
[White "Niktlt"]
[Black "Cxrjs"]
[Result "1-0"]
[WhiteElo "2581"]
[BlackElo "2518"]
[TimeControl "180+1"]
[EndTime "15:26:31 PDT"]
[Termination "Niktlt won by resignation"]

1. d4 Nf6 2. c4 e6 3. Nc3 d5 4. cxd5 exd5 5. Bg5 c6 6. e3 h6 7. Bh4 Be7 8. Bd3 O-O 9. Nge2 a5 10. f3 b5 11. O-O Qb6 12. Bf2 Ba6 13. e4 b4 14.
Na4 Qa7 15. e5 Nfd7 16. Rc1 Bb5 17. f4 Qa6 18. Bxb5 cxb5 19. Nc5 Nxc5 20. dxc5 Rd8 21. Nd4 Nc6 22. Nf5 Bf8 23. Qg4 Ne7 24. Nd6 Ng6 25.
Rfd1 Qc6 26. h4 Qd7 27. Qxd7 Rxd7 28. g3 Ne7 29. Nxb5 a4 30. c6 Rdd8 31. c7 Rdc8 32. Nd6 f6 33. Nxc8 Rxc8 34. exf6 gxf6 35. Rd4 f5 36. Rxb4 a3 37. bxa3 Re8 38. Bc5 Nc8 39. Bxf8 Kxf8 40. a4 Ke7 41. Re1+ Kd7 42. Rxe8 Kxe8 43.
Rb8 Kd7 44. Rxc8 Kxc8 45. Kf2 Kxc7 46. Ke3 h5 47. Kd4 Kd6 48. a5 Kc6 49. a4 Kd6 50.
a6 Kc6 51. a5 1-0

[Event "Late-Titled-Tuesday-Blitz-June-25-2024"]
[Site "Chess.com"]
[Date "2024.06.25"]
[Round "8"]
[White "chesspilot01"]
[Black "Eloist"]
[Result "1-0"]
[WhiteElo "2350"]
[BlackElo "2447"]
[TimeControl "180+1"]
[EndTime "15:26:32 PDT"]
[Termination "chesspilot01 won on time"]

1. e4 e6 2. Qe2 c5 3. Nf3 Nc6 4. g3 g6 5. Bg2 Bg7 6. O-O Nge7 7.
c3 e5 8. Na3 O-O 9. Nc2 d5 10.
exd5 Nxd5 11. Qc4 Bf5 12. Nfe1 Nb6 13. Qxc5 Re8 14. Nb4 Nxb4 15. Qxb4 Qd7 16. a4 Rac8 17. a5 Nd5 18. Qb3 Be6 19. c4 Nc7 20. d3 Na6 21. Qxb7 Nc5 22. Qxd7 Bxd7 23. Be3 Nb3 24. Ra3 Nd4 25.
b4 Bf8 26. Bxd4 exd4 27. Rb3 Rb8 28. Nf3 1-0

[Event "Late-Titled-Tuesday-Blitz-June-25-2024"]
[Site "Chess.com"]
[Date "2024.06.25"]
[Round "8"]
[White "Aswathchess"]
[Black "rdarruda"]
[Result "0-1"]
[WhiteElo "2752"]
[BlackElo "2572"]
[TimeControl "180+1"]
[EndTime "15:26:33 PDT"]
[Termination "rdarruda won by resignation"]

1. b3 e5 2. Bb2 d6 3. e3 Nf6 4.
d4 Nc6 5. dxe5 Nxe5 6. Nf3 Nxf3+ 7. gxf3 g6 8. Nc3 Bg7 9. Qd2 O-O 10. O-O-O Be6 11.
h4 Qb8 12. Ne4 Nxe4 13. fxe4 h5 14. Bxg7 Kxg7 15. f4 Bg4 16. Be2 Bxe2 17. Qxe2 Qe8 18. Qf3 a5 19. Rhg1 Rh8 20. Rd5 Qe7 21. Rdg5 a4 22.
f5 axb3 23. fxg6 f6 24. Rxh5 bxa2 25. Rh7+ Kg8 26. Kd2 Qe5 27. Rxh8+ Kxh8 28. Rg5 Qh2+ 29. Rg2 Qxg2+ 30. Qxg2 a1=Q 31. Qf3 Qe5 32. h5 Kg7 33. Qg4 Rd8 34. Ke2 Re8 35. Qd7+ Re7 36. Qd8 Qxe4 37.
h6+ Kxh6 38. Qh8+ Kxg6 39. Qg8+ Rg7 40. Qc8 Qxc2+ 41. Kf3 Qf5+ 0-1

[Event "Late-Titled-Tuesday-Blitz-June-25-2024"]
[Site "Chess.com"]
[Date "2024.06.25"]
[Round "8"]
[White "ArchibaldCerveza29"]
[Black "zverr1"]
[Result "1-0"]
[WhiteElo "2424"]
[BlackElo "2554"]
[TimeControl "180+1"]
[EndTime "15:26:33 PDT"]
[Termination "ArchibaldCerveza29 won on time"]

1. e4 c5 2. d4 cxd4 3. c3 dxc3 4. Nxc3 e6 5. Nf3 a6 6. Bc4 b5 7. Bb3 Bb7 8. O-O Ne7 9. Bg5 h6 10. Be3 Ng6 11. Qe2 Be7 12. Rfd1 O-O 13. Nd2 e5 14. Rac1 Nc6 15. Nd5 d6 16. Qg4 Bg5 17. Bb6 Qc8 18.
Qg3 Nf4 19. Re1 Kh7 20. h4 Bd8 21. Bxd8 Qxd8 22. Nxf4 exf4 23. Qxf4 Ne5 24. Qg3 Rc8 25. Rcd1 Qf6 26. Nf3 Nxf3+ 27. Qxf3 Qxh4 28. Rxd6 Qe7 29. Rd2 Rcd8 30. Rxd8 Rxd8 31. Qxf7 Qxf7 32. Bxf7 Rd2 33. b4 Rd4 34. e5 Rxb4 35. e6 Bd5 36. Bh5 1-0

[Event "Late-Titled-Tuesday-Blitz-June-25-2024"]
[Site "Chess.com"]
[Date "2024.06.25"]
[Round "8"]
[White "GlavkonVVS"]
[Black "esskeettit"]
[Result "1-0"]
[WhiteElo "2639"]
[BlackElo "2494"]
[TimeControl "180+1"]
[EndTime "15:26:34 PDT"]
[Termination "GlavkonVVS won on time"]

1. c4 c5 2. Nc3 Nc6 3. g3 g6 4. Bg2 Bg7 5. Nf3 e5 6. O-O d6 7. d3 Nge7 8. a3 a5 9. Rb1 O-O 10. Ne1 Be6 11. Nc2 d5 12. b3 d4 13.
Nb5 f5 14. b4 cxb4 15. axb4 a4 16. c5 Bd5 17. Nd6 Bxg2 18. Kxg2 Nd5 19. Bd2 Qd7 20. Na3 Kh8 21. b5 Nce7 22. Nac4 f4 23. Ra1 b6 24. c6 Qe6 25. Rxa4 Rad8 26. Ne4 Nf5 27. Ra7 h6 28. Kh1 g5 29. gxf4 exf4 30. Rg1 Nh4 31.
f3 Nf5 32. Qf1 Nfe7 33. Qg2 Ng6 34. Rb7 Nh4 35. Qg4 Qxg4 36. Rxg4 Rb8 37. Rxb8 Rxb8 38.
Ned6 Bf8 39. Rg1 Ng6 40. Ra1 Bxd6 41. Nxd6 Ne5 42. Ra4 Kg7 43. Rxd4 Ne7 44. Bc3 Kf8 45. Re4 N5xc6 46. bxc6 Nxc6 47. Rc4 Ne7 48. Bb4 1-0

[Event "Late-Titled-Tuesday-Blitz-June-25-2024"]
[Site "Chess.com"]
[Date "2024.06.25"]
[Round "8"]
[White "lluiss"]
[Black "giomar27"]
[Result "0-1"]
[WhiteElo "2248"]
[BlackElo "2440"]
[TimeControl "180+1"]
[EndTime "15:26:34 PDT"]
[Termination "giomar27 won by resignation"]

1. Nf3 Nf6 2. d4 c5 3. c4 cxd4 4. Nxd4 e5 5. Nc2 d5 6. Bg5 dxc4 7. Qxd8+ Kxd8 8. e4 Be6 9. Ne3 b5 10. a4 Bb4+ 11. Kd1 Kc7 12. axb5 Nxe4 13. Bh4 g5 14. Bg3 Rd8+ 15. Kc1 f6 16. Ra4 Be1 17. Bxc4 Bxf2 18. Bxe6 Bxe3+ 19. Kc2 Nc5 20. Rc4 Kb6 21. Nc3 Nxe6 22. Ne4 Nd4+ 23. Kb1 Nxb5 24. Nxf6 Nc6 25. Re1 Bf4 26. Bxf4 gxf4 27. Rec1 Rac8 28. Ng4 Kb7 29. Rc5 Nbd4 30. Nxe5 Nxe5 31. Rxe5 Rxc1+ 32. Kxc1 Rf8 33. Re7+ Kc6 34. Rxh7 Re8 35. Rxa7 Re1+ 36. Kd2 Rg1 37. Kd3 Ne6 38. Ra6+ Kd7 39. g3 f3 40. Ke3 Ng5 41. h4 Re1+ 42. Kf2 Re2+ 43. Kf1 Ne4 44. Ra3 Nxg3+ 45. Kg1 f2+ 46. Kg2 f1=Q+ 47. Kxg3 Rg2+ 0-1

[Event "Late-Titled-Tuesday-Blitz-June-25-2024"]
[Site "Chess.com"]
[Date "2024.06.25"]
[Round "8"]
[White "Tigranpatagonian"]
[Black "s-dshubin"]
[Result "1-0"]
[WhiteElo "2459"]
[BlackElo "2321"]
[TimeControl "180+1"]
[EndTime "15:26:35 PDT"]
[Termination "Tigranpatagonian won by checkmate"]

1. d4 d5 2. c4 e6 3. Nc3 Nf6 4. Bg5 Nbd7 5. e3 c6 6. a3 Qa5 7. b4 Bxb4 8. axb4 Qxb4 9. Qd2 dxc4 10. Rb1 Qa5 11. Bxf6 Nxf6 12. Bxc4 O-O 13. Nf3 b5 14. Bd3 Qc7 15. O-O a5 16. Rfc1 Qe7 17. Ne5 Bb7 18.
Ne4 Nxe4 19. Bxe4 a4 20. Bxc6 Bxc6 21. Nxc6 Qd6 22. Rxb5 Rfc8 23. Rbc5 Kf8 24. Qc2 a3 25. Qxh7 f6 26. Qh8+ Kf7 27. Ne5+ fxe5 28. Rxc8 Ra7 29. dxe5 Qxe5 30. R8c5 Qxc5 31. Rxc5 a2 32. Qh5+ Kf8 33. Rc8+ Ke7 34. Qg5+ Kf7 35. Qf4+ Ke7 36. Qf8+ Kd7 37. Rd8+ Kc6 38. Qd6+ Kb5 39. Rb8+ Kc4 40. Rb4+ Kc3 41. Qd4+ Kc2 42. Rb2+ Kc1 43. Qd2# 1-0

[Event "Late-Titled-Tuesday-Blitz-June-25-2024"]
[Site "Chess.com"]
[Date "2024.06.25"]
[Round "8"]
[White "glucolisis04"]
[Black "tarno17"]
[Result "1-0"]
[WhiteElo "2299"]
[BlackElo "2162"]
[TimeControl "180+1"]
[EndTime "15:26:35 PDT"]
[Termination "glucolisis04 won on time"]

1. d4 d5 2. c4 e6 3. Nc3 Nf6 4. cxd5 exd5 5. Bg5 Be7 6. e3 O-O 7. Qc2 h6 8. Bf4 c6 9. Bd3 Nbd7 10. Nf3 Re8 11. O-O Nf8 12. Rab1 Ne6 13. Be5 Bd6 14. b4 Ng4 15. Bxd6 Qxd6 16. h3 Nf6 17. Rfc1 Ng5 18. Ne5 Nfe4 19. f4 Nxc3 20. Qxc3 Ne4 21. Bxe4 dxe4 22. b5 cxb5 23. Rxb5 Bd7 24. Rxb7 Rac8 25.
Rc7 Be6 26. Qc5 Qa6 27. Qb4 Rxc7 28. Rxc7 Qxa2 29. Qb7 Rf8 30. Qxa7 Qb1+ 31. Kh2 Qe1 32. Qa3 Qf2 33. Rc5 Rb8 34. Rc1 Kh7 35. Qc3 Qh4 36. Qd2 Ra8 37. Qe2 Ra2 38. Rc2 Ra1 39. d5 Bxd5 40.
g3 Qf6 41. Rd2 Be6 42. Rd1 1-0